 Dungeon Crawl Stone Soup version 0.17-a0-477-g451446c (webtiles) character file.

214 krae the Insei (level 5, -4/33 HPs)
             Began as an Octopode Transmuter on Apr 7, 2015.
             Killed by divine providence
             ... invoked by an orc priest
              (11 damage)
             ... on level 5 of the Dungeon.
             The game lasted 00:13:22 (2735 turns).

krae the Insei (Octopode Transmuter)                Turns: 2735, Time: 00:13:23

Health: -4/33      AC:  1    Str:  9    XL:     5   Next: 92%
Magic:  8/8        EV: 13    Int: 16    God:
Gold:   150        SH:  0    Dex: 13    Spells: 2 memorised, 5 levels left

rFire  . . .     SeeInvis .       - Unarmed
rCold  . . .     Clarity  .     (no shield)
rNeg   . . .     SustAb   .     (helmet restricted)
rPois  .         Gourm    .     w - amulet of faith {!P}
rElec  .         Spirit   .     q - ring of loudness (curse)
rCorr  .         Warding  .     (no ring)
rMut   .         Stasis   .     (no ring)
MR     .....                    (no ring)
Stlth  +.........               (no ring)
                                (no ring)
                                (no ring)
                                (no ring)

@: about to teleport, not resistant to hostile enchantments, very unstealthy
A: almost no armour, amphibious, 8 rings, constrict 8, camouflage 1, gelatinous
body 1
a: no special abilities


You were on level 5 of the Dungeon.
You were not hungry.

You visited 1 branch of the dungeon, and saw 6 of its levels.

You collected 150 gold pieces.


Innate Abilities, Weirdness & Mutations

You cannot wear most types of armour.
You are amphibious.
You can wear up to eight rings at the same time.
You can use your tentacles to constrict eight enemies at once.
Your skin changes colour to match your surroundings (Stealth).
Your rubbery body absorbs attacks (AC +1).


   Skills:
 - Level 1.0 Fighting
 - Level 3.1 Dodging
 - Level 5.7 Unarmed Combat
 + Level 2.1 Spellcasting
 + Level 2.2 Transmutations


You had 5 spell levels left.
You knew the following spells:

 Your Spells              Type           Power        Failure   Level  Hunger
z - Beastly Appendage     Trmt           #.....       10%         1    #......
Z - Sticks to Snakes      Trmt           #.........   14%         2    ###....

Inventory:

Hand weapons
 u - a +0 hunting sling
Missiles
 b - 18 arrows
 f - 13 poisoned needles
 v - 20 stones (quivered)
Jewellery
 q - a cursed ring of loudness (left tentacle)
 w - an amulet of faith (around mantle) {!P}
Potions
 h - 2 potions of restore abilities
 i - 2 potions of might
 k - a potion of haste {@q3}
 l - a potion of resistance
 m - a potion of poison {!q}
 n - a potion of invisibility
 o - a potion of cancellation
 s - 2 potions of mutation {!q}
Books
 d - a book of Changes
 g - a book of Necromancy
Comestibles
 a - 3 bread rations
 j - 2 meat rations
 p - a chunk of flesh

Dungeon Overview and Level Annotations

Branches:
Dungeon (6/15)
 Temple: D:4-7

Altars:
Qazlal
Trog
Vehumet
The Shining One

...
.o......#
.o.......#
..........#
...oo......
..........
..#......
.£.......#
.#._.#..x#
.....g..r##
...#......#
.........##
...#####o.##
.. ##..##
##..##
##o.## ##..#


You could see 2 orc priests, an orc wizard, 3 orcs, a hobgoblin and a rat.


Message History

Found 6 gold pieces.
Found an escape hatch in the ceiling.
Found 27 stones.
There is an escape hatch in the ceiling here.
The rat misses you. A mysterious force pulls you upwards.
The hatch slams shut behind you.
The orc priest shouts!
The orc shouts!
Found a scroll labeled GAMPAL OWNEGH.
An orc comes into view.
The orc shouts!
An orc comes into view. It is wielding a club.
The orc priest looks braver.
The orc priest mumbles some strange prayers to Beogh against you.
Something smites you!
* * * LOW HITPOINT WARNING * * *
A hobgoblin comes into view.
Found a radiant altar of Vehumet.
An orc and an orc priest come into view.
The orc priest glows brightly for a moment.
Found 15 gold pieces.
The orc shouts!
The hobgoblin zaps a wand.
The puff of frost hits you!
* * * LOW HITPOINT WARNING * * *
It is a wand of frost.
An orc wizard comes into view. It is wielding a dagger of pain.
Read which item? (? for menu, Esc to quit)
As you read the scroll of teleportation {@r4}, it crumbles to dust.
You feel strangely unstable.
The orc priest invokes the aid of Beogh against you.
Something smites you!
You die...

Action                   |  1- 3 |  4- 6 || total
-------------------------+-------+-------++-------
Melee: Unarmed           |    85 |    80 ||   165
 Cast: Beastly Appendage |     8 |    16 ||    24
       Sticks to Snakes  |     6 |     7 ||    13
  Use: Scroll            |       |    14 ||    14
       Potion            |       |     1 ||     1
 Stab: Sleeping          |     3 |     2 ||     5
  Eat: Chunk             |     3 |     3 ||     6
       Meat ration       |       |     1 ||     1

Vault maps used:
D:1:      nagdon_arrival_zigzag_paths, nrook_loot_triangle
D:2:      lightli_temple_of_fire
D:3:      old_standard_altar, first_bread
D:4:      gammafunk_temple_overflow_pools, kennysheep_mini_moat
D:5:      vehumet_altar_wand_db
D:6:      minmay_temple_entry_glass, portal_sewer_entry_b, fedhas_altar_1

Notes
Turn   | Place    | Note
--------------------------------------------------------------
     0 | D:1      | krae, the Octopode Transmuter, began the quest for the Orb.
     0 | D:1      | Reached XP level 1. HP: 13/13 MP: 3/3
   176 | D:1      | Reached XP level 2. HP: 12/18 MP: 5/5
   180 | D:1      | Learned a level 2 spell: Sticks to Snakes
   741 | D:2      | Found a bloodstained altar of Trog.
   818 | D:2      | Reached skill level 4 in Unarmed Combat
   818 | D:2      | Reached XP level 3. HP: 23/23 MP: 1/6
  1576 | D:3      | Reached XP level 4. HP: 24/28 MP: 2/7
  1617 | D:3      | Found a stormy altar of Qazlal.
  1631 | D:3      | Reached skill level 5 in Unarmed Combat
  2003 | D:4      | Reached XP level 5. HP: 33/33 MP: 2/8
  2121 | D:3      | Identified a potion of resistance
  2306 | D:5      | Entered Level 5 of the Dungeon
  2324 | D:4      | Found a glowing golden altar of the Shining One.
  2362 | D:4      | Noticed an ogre
  2399 | D:5      | HP: 3/33 [hound (5)]
  2402 | D:5      | Reached skill level 3 in Dodging
  2730 | D:5      | Found a radiant altar of Vehumet.
  2735 | D:5      | Killed from afar by an orc priest

Vanquished Creatures
  2 orc wizards
  A hound (D:5)
  3 adders
  3 worms (D:3)
  3 giant geckos
  An ooze (D:3)
  6 orcs
  10 bats
  6 giant cockroaches
  8 goblins
  7 hobgoblins
  3 jackals (D:3)
  3 giant newts
  6 kobolds
  A quokka (D:3)
  4 rats
67 creatures vanquished.

Vanquished Creatures (collateral kills)
  2 adders
  A worm (D:3)
  An orc (D:6)
  A jackal (D:3)
5 creatures vanquished.

Grand Total: 72 creatures vanquished
